 Dungeon Crawl Stone Soup version 0.23.2-33-g5129a83184 (webtiles) character file.

Game seed: 6778063461005880851

4635 psyvane the Spear-Bearer (level 10, -3/80 HPs)
             Began as a Merfolk Skald on July 17, 2019.
             Was a Priest of Okawaru.
             Killed from afar by an electric eel (6 damage)
             ... with a bolt of electricity
             ... on level 9 of the Dungeon.
             The game lasted 00:37:51 (10071 turns).

psyvane the Spear-Bearer (Merfolk Skald)           Turns: 10071, Time: 00:37:52

Health: -3/80      AC:  5    Str: 14    XL:     10   Next: 43%
Magic:  3/15       EV: 12    Int: 12    God:    Okawaru [***...]
Gold:   444        SH:  0    Dex: 13    Spells: 4/15 levels left

rFire    + . .     SeeInvis .   l - +3 trident (flame)
rCold    x . .     Gourm    .   (no shield)
rNeg     . . .     Faith    .   B - +0 leather armour
rPois    .         Spirit   .   g - +0 helmet
rElec    .         Reflect  .   (no cloak)
rCorr    .         Harm     .   (no gloves)
MR       .....                  s - +0 pair of boots
Stlth    +.........             (no amulet)
HPRegen  0.23/turn              D - ring of fire
MPRegen  0.14/turn              t - +4 ring of slaying

@: shrouded, infused, singing
A: change form in water, swift swim, stealthy swim, dopey 1, MP-powered wands
a: Heroism, Renounce Religion


You were on level 9 of the Dungeon.
You worshipped Okawaru.
Okawaru was most pleased with you.
You were not hungry.

You visited 1 branch of the dungeon, and saw 9 of its levels.

You collected 444 gold pieces.

Inventory:

Hand Weapons
 b - a +0 glaive
 l - a +3 trident of flaming (weapon)
Armour
 g - a +0 helmet (worn)
 s - a +0 pair of boots (worn)
 x - a +0 plate armour of fire resistance
 B - a +0 leather armour (worn)
Jewellery
 k - an uncursed ring of ice
 t - a +4 ring of slaying (right hand)
 D - a ring of fire (left hand)
Wands
 p - a wand of disintegration (17)
 r - a wand of iceblast (4)
 u - a wand of polymorph (5)
 y - a wand of flame (14)
 C - a wand of enslavement (5)
Scrolls
 a - a scroll of random uselessness {unknown}
 e - 5 scrolls of fog {unknown}
 h - 3 scrolls of remove curse
 i - 5 scrolls of magic mapping
 j - 6 scrolls of teleportation
 m - 3 scrolls of enchant armour {unknown}
 n - 2 scrolls of noise {unknown}
 w - 2 scrolls of identify
Potions
 c - a potion of resistance
 f - 2 potions of lignification
 o - 2 potions of brilliance
 q - a potion of invisibility
 v - a potion of flight {unknown}
 z - a potion of curing {unknown}
 A - a potion of cancellation {unknown}
 E - 2 potions of might {unknown}
Comestibles
 d - 26 rations
 F - 2 chunks of flesh


   Skills:
 * Level 7.8 Fighting
 - Level 14.3 Polearms
 - Level 0.6 Armour
 - Level 2.8 Dodging
 - Level 3.3 Spellcasting
 - Level 0.5 Hexes
 - Level 9.0 Charms
 - Level 0.1 Necromancy
 - Level 0.3 Evocations


You had 4 spell levels left.
You knew the following spells:

 Your Spells              Type           Power        Failure   Level  Hunger
a - Infusion              Chrm           ###.         1%          1    #......
b - Shroud of Golubria    Chrm/Tloc      ##........   7%          2    ##.....
c - Song of Slaying       Chrm           ###.....     1%          2    ##.....
d - Regeneration          Chrm/Necr      ##........   14%         3    ###....
e - Spectral Weapon       Hex/Chrm       ##......     13%         3    ###....

Your spell library contained the following spells:

 Spells                   Type           Power        Failure   Level  Hunger


Dungeon Overview and Level Annotations

Branches:
Dungeon (9/15)             Temple (0/1) D:7
   Lair: D:8-11         Orc: D:9-12

Altars:
Ashenzari
Cheibriados
Dithmenos
Elyvilon
Fedhas
Nemelex Xobeh
Okawaru
Ru
Sif Muna
Xom

Shops:
D:5 (


Innate Abilities, Weirdness & Mutations

You revert to your normal form in water You are very nimble and swift while swimming.
You are very stealthy in the water. (Stealth+)
You are dopey. (Int -2)
You expend magic power (3 MP) to strengthen your wands.


Message History

The orc wizard points at you and mumbles some strange words.
The puff of frost hits you!
You feel a terrible chill!
The electric eel shoots out a bolt of lightning at you!
The bolt of electricity misses you. The bolt of electricity hits you!
The bolt of electricity hits your spectral weapon.
Your spectral weapon resists.
Your spectral weapon shares its damage with you!
The electric eel shoots out a bolt of lightning at you!
The bolt of electricity hits you!
* * * LOW HITPOINT WARNING * * *
The electric eel shoots out a bolt of lightning at you!
The bolt of electricity hits your spectral weapon.
Your spectral weapon resists.
Your spectral weapon shares its damage with you!
The bolt of electricity hits you!
* * * LOW HITPOINT WARNING * * *
x2
There is an open door here.
The electric eel shoots out a bolt of lightning at you!
The bolt of electricity hits you.
You die...

#......... #.......o
+....... ≈≈≈o. #≈)#
#≈o#### #≈[...#
≈≈≈≈;≈###(### ..
##........@.# ##.######
#........<.### #>.......
#..........'.# #........
#..........#.##
#........
#..........#..#
#........
..........##÷###........
..........##.<##........
.........###.÷....###.#
#####+### ####..##


You could see an electric eel, an orc wizard and a friendly spectral +3 trident
of flaming.

Vanquished Creatures
  A polar bear (D:8)
  Grinder (D:4)
  A spriggan (D:7)
  A yak (D:8)
  A basilisk (D:7)
  A water moccasin (D:7)
  7 orc warriors
  2 sky beasts
  2 ice beasts
  A black bear (D:8)
  2 ogres
  3 phantoms
  5 centaurs
  2 big kobolds
  5 bullfrogs
  A gnoll sergeant (D:7)
  2 scorpions
  A water moccasin skeleton (D:8)
  A crimson imp (D:8)
  2 hounds
  A jelly (D:8)
  A bullfrog skeleton (D:5)
  A bullfrog zombie (D:6)
  5 orc priests
  6 orc wizards
  A gnoll shaman (D:8)
  2 iguanas
  Ijyb (D:4)
  6 worker ants
  A killer bee zombie (D:6)
  A hound skeleton (D:8)
  A worker ant zombie (D:7)
  Robin (D:4)
  8 gnolls
  4 adders
  3 shadow imps
  2 white imps (D:8)
  2 oozes
  An adder skeleton (D:8)
  A worm (D:2)
  A dart slug (D:1)
  5 leopard geckos
  25 orcs
  2 ball pythons
  4 bats
  4 giant cockroaches
  25 goblins
  8 hobgoblins
  11 jackals
  10 kobolds
  2 quokkas
  4 frilled lizards
  A giant cockroach zombie (D:6)
  A quokka zombie (D:9)
  8 rats
202 creatures vanquished.

Notes
Turn   | Place    | Note
-------+----------+-------------------------------------------
     0 | D:1      | psyvane the Merfolk Skald began the quest for the Orb.
     0 | D:1      | Reached XP level 1. HP: 16/16 MP: 3/3
   195 | D:1      | Reached XP level 2. HP: 18/22 MP: 1/5
   349 | D:1      | Learned a level 2 spell: Shroud of Golubria
   352 | D:1      | Learned a level 2 spell: Song of Slaying
   792 | D:1      | Reached XP level 3. HP: 4/27 MP: 0/6
  1443 | D:2      | Learned a level 3 spell: Regeneration
  2079 | D:2      | Reached XP level 4. HP: 33/33 MP: 9/9
  2434 | D:3      | Found a shattered altar of Ashenzari.
  2545 | D:3      | Reached XP level 5. HP: 31/38 MP: 0/10
  2873 | D:3      | Reached skill level 4 in Polearms
  3245 | D:4      | Noticed Grinder
  3252 | D:4      | Paralysed by Grinder for 3 turns
  3257 | D:4      | Paralysed by Grinder for 3 turns
  3263 | D:4      | Paralysed by Grinder for 2 turns
  3268 | D:4      | Gained mutation: You are dopey. (Int -2) [potion of
                  | mutation]
  3268 | D:4      | Gained mutation: You expend magic power (3 MP) to
                  | strengthen your wands. [potion of mutation]
  3273 | D:4      | Paralysed by Grinder for 2 turns
  3524 | D:4      | Noticed Robin
  3550 | D:4      | Killed Robin
  3550 | D:4      | Reached skill level 5 in Polearms
  3761 | D:4      | Noticed an ogre
  3770 | D:4      | Noticed Ijyb
  3786 | D:4      | Killed Ijyb
  3862 | D:4      | Killed an ogre
  3862 | D:4      | Reached skill level 6 in Polearms
  3862 | D:4      | Reached XP level 6. HP: 40/44 MP: 3/11
  3899 | D:4      | Reached skill level 7 in Polearms
  4036 | D:4      | Found a shimmering altar of Xom.
  4317 | D:4      | Paralysed by Grinder for 6 turns
  4323 | D:4      | Killed Grinder
  4323 | D:4      | Reached skill level 8 in Polearms
  4323 | D:4      | Reached XP level 7. HP: 17/50 MP: 3/12
  4791 | D:5      | Entered Level 5 of the Dungeon
  4946 | D:5      | Reached skill level 9 in Polearms
  5189 | D:5      | Found Voufueq's Weapon Boutique.
  5409 | D:5      | Found an iron altar of Okawaru.
  5425 | D:5      | Became a worshipper of Warmaster Okawaru
  5585 | D:5      | Reached skill level 10 in Polearms
  5926 | D:6      | Reached XP level 8. HP: 34/56 MP: 3/13
  6047 | D:6      | Learned a level 3 spell: Spectral Weapon
  6076 | D:6      | Reached skill level 11 in Polearms
  6431 | D:6      | Reached * piety under Okawaru
  6431 | D:6      | Reached skill level 12 in Polearms
  6970 | D:6      | Reached skill level 13 in Polearms
  7102 | D:6      | Found a sacrificial altar of Ru.
  7184 | D:6      | Found a deep blue altar of Sif Muna.
  7250 | D:7      | Found a sparkling altar of Nemelex Xobeh.
  7290 | D:7      | Reached XP level 9. HP: 34/61 MP: 0/14
  7291 | D:7      | Found a blossoming altar of Fedhas.
  7316 | D:7      | Reached ** piety under Okawaru
  7316 | D:7      | Reached skill level 14 in Polearms
  7386 | D:7      | Reached skill level 5 in Charms
  7618 | D:7      | Found a staircase to the Ecumenical Temple.
  7999 | D:7      | Found a snail-covered altar of Cheibriados.
  8294 | D:7      | Found a sparkling altar of Nemelex Xobeh.
  8384 | D:7      | Found a shadowy altar of Dithmenos.
  8693 | D:7      | Reached *** piety under Okawaru
  8899 | D:8      | Reached XP level 10. HP: 61/73 MP: 4/15
  9021 | D:8      | Found a white marble altar of Elyvilon.
  9288 | D:8      | Reached skill level 5 in Fighting
  9495 | D:8      | Received a gift from Okawaru
 10069 | D:9      | HP: 3/80 [electric eel (2)]
 10071 | D:9      | Killed from afar by an electric eel

Skill      XL: |  1  2  3  4  5  6  7  8  9 10 |
---------------+-------------------------------+-----
Spellcasting   | 3 |  3.3
Charms         | 4 9 |  9.0
Polearms       | 6 8 10 13 14 | 14.3
Fighting       | 4 7 |  7.8
Armour         | |  0.6
Dodging        | |  2.8
Hexes          | |  0.5
Necromancy     | |  0.1
Evocations     | |  0.3

Action                   |  1- 3 |  4- 6 |  7- 9 | 10-12 || total
-------------------------+-------+-------+-------+-------++-------
Melee: Spear             |   121 |    36 |       |       ||   157
       Trident           |       |    95 |   246 |    78 ||   419
 Cast: Infusion          |    19 |    13 |    28 |     7 ||    67
       Song of Slaying   |     1 |     3 |     5 |     4 ||    13
       Shroud of Golubri |     3 |    12 |    22 |     8 ||    45
       Regeneration      |       |     1 |       |       ||     1
       Spectral Weapon   |       |       |     5 |     2 ||     7
Evoke: Wand              |       |     3 |     5 |       ||     8
  Use: Potion            |     2 |     3 |     2 |       ||     7
       Scroll            |     1 |     9 |     3 |       ||    13
 Stab: Sleeping          |       |       |     3 |       ||     3
  Eat: Chunk             |     4 |     5 |    14 |     5 ||    28
       Ration            |       |     1 |     1 |       ||     2
Armor: Leather armour    |    24 |    25 |    33 |    11 ||    93
       Skin              |    11 |       |       |       ||    11
Dodge: Dodged            |    59 |    72 |    69 |    27 ||   227
